 Dungeon Crawl Stone Soup version 0.27.1-33-g824d729ab1 (webtiles) character file.

Game seed: 4794383567442205000

5459 belegose the Jinx (level 10, -1/76 HPs)
             Began as a Gnoll Wanderer on Dec 24, 2021.
             Was a Follower of Makhleb.
             Shot with an arrow by a centaur warrior (4 damage)
             ... on level 9 of the Dungeon.
             The game lasted 00:39:15 (13251 turns).

belegose the Jinx (Gnoll Wanderer)                 Turns: 13251, Time: 00:39:15

Health: -1/76      AC: 11    Str: 13    XL:     10   Next: 68%
Magic:  19/19      EV: 14    Int: 19    God:    Makhleb [*.....]
Gold:   407        SH: 11    Dex:  8    Spells: 20/21 levels left

rFire    + . .     SeeInvis .   a - +1 falchion (elec)
rCold    . . .     Faith    .   F - +2 kite shield
rNeg     . . .     Spirit   .   k - +0 acid dragon scales
rPois    +         Reflect  .   H - +1 hat
rElec    .         Harm     .   o - scarf {repulsion}
rCorr    +         Rampage  .   d - +0 pair of gloves
Will     .....                  n - +0 pair of boots
Stlth    ++........             (no amulet)
HPRegen  0.22/turn              I - +4 ring of evasion
MPRegen  0.16/turn              s - ring of protection from fire

@: hasted, repel missiles, very quick
A: fangs 1, strong nose, distributed training, clever 1, poison resistance
a: Renounce Religion


You were on level 9 of the Dungeon.
You worshipped Makhleb.
Makhleb was aware of your devotion.
You visited 2 branches of the dungeon, and saw 10 of its levels.
You also visited: Sewer.

You collected 407 gold pieces.

Inventory:

Hand Weapons
 a - a +1 falchion of electrocution (weapon)
 b - a +2 hand crossbow
 w - a +1 vampiric long sword
Missiles
 f - 58 bolts
 l - 369 stones
 q - 82 poisoned darts (quivered)
Armour
 d - a +0 pair of gloves (worn)
 k - +0 acid dragon scales (worn)
 n - a +0 pair of boots (worn)
 o - a scarf of repulsion (worn)
 F - a +2 kite shield (worn)
 H - a +1 hat (worn)
 J - a +1 cloak
Magical Staves
 g - a staff of death
Jewellery
 j - a +6 ring of strength
 s - a ring of protection from fire (right hand)
 E - a ring of positive energy
 I - a +4 ring of evasion (left hand)
Wands
 x - a wand of flame (14)
Scrolls
 e - 3 scrolls of magic mapping {unknown}
 m - a scroll of brand weapon {unknown}
 p - 3 scrolls of fog
 r - 2 scrolls of immolation {unknown}
 t - 2 scrolls of amnesia {unknown}
 v - 2 scrolls of enchant armour {unknown}
 y - a scroll of teleportation {unknown}
 A - 5 scrolls of enchant weapon
 C - a scroll of torment {unknown}
 D - a scroll of noise {unknown}
 G - a scroll of vulnerability {unknown}
Potions
 c - 2 potions of curing
 h - 4 potions of mutation
 i - a potion of berserk rage
 u - 3 potions of cancellation
 z - a potion of magic


   Skills:
 + Level 6.1 Fighting
 + Level 5.5 Short Blades
 + Level 5.5 Long Blades
 + Level 5.5 Axes
 + Level 5.5 Maces & Flails
 + Level 5.5 Polearms
 + Level 5.5 Staves
 + Level 5.5 Slings
 + Level 5.5 Bows
 + Level 6.1 Crossbows
 + Level 5.5 Throwing
 + Level 6.1 Armour
 + Level 5.5 Dodging
 + Level 5.5 Stealth
 + Level 7.2 Shields
 + Level 5.5 Unarmed Combat
 + Level 6.2 Spellcasting
 + Level 4.5 Conjurations
 + Level 8.5 Hexes
 + Level 4.5 Summonings
 + Level 4.5 Necromancy
 + Level 4.5 Translocations
 + Level 4.5 Transmutations
 + Level 4.5 Fire Magic
 + Level 4.5 Ice Magic
 + Level 4.5 Air Magic
 + Level 4.5 Earth Magic
 + Level 4.5 Poison Magic
 + Level 6.0 Invocations
 + Level 5.5 Evocations


You had 20 spell levels left.
You knew the following spells:

 Your Spells              Type           Power      Damage    Failure   Level
a - Pain                  Necr           92%        1d8       6%          1

Your spell library contained the following spells:

 Spells                   Type           Power      Damage    Failure   Level
 Ignite Poison            Fire/Tmut/Pois 23%        N/A       19%         3
 Mephitic Cloud           Conj/Pois/Air  23%        N/A       19%         3
 Animate Dead             Necr           11%        N/A       54%         4
 Agony                    Necr           23%        N/A       87%         5
 Bolt of Magma            Conj/Fire/Erth 11%        4d7       87%         5
 Borgnjor's Vile Clutch   Necr/Erth      11%        N/A       87%         5
 Excruciating Wounds      Necr           11%        N/A       87%         5
 Death Channel            Necr           11%        N/A       100%        6
 Borgnjor's Revivificati  Necr           11%        N/A       100%        8
 Necromutation            Tmut/Necr      11%        N/A       100%        8
 Death's Door             Necr           11%        N/A       100%        9


Dungeon Overview and Level Annotations

Branches:
Dungeon (9/15)             Temple (1/1) D:6           Sewer (visited)
   Lair: D:8-11         Orc: D:9-12

Altars:
Ashenzari
Cheibriados
Dithmenos
Elyvilon
Fedhas
Hepliaklqana
Kikubaaqudgha
Makhleb
Nemelex Xobeh
Okawaru
Qazlal
Trog
Uskayaw
Vehumet
Wu Jian
Xom
Yredelemnul
Zin
The Shining One

Shops:
D:4 **[*   D:6 (*(:*

Annotations:
D:7 exclusion: ugly thing
D:9 Harold


Innate Abilities, Weirdness & Mutations

You have very sharp teeth.
Your uncanny sense of smell can sniff out nearby items.
Your experience applies equally to all skills.
Your mind is acute. (Int +2)
Your system is resistant to poisons. (rPois)


Message History

The centaur warrior shoots an arrow.
The arrow barely misses you.
Harold throws a throwing net.
You block the throwing net.
You see here a throwing net.
Harold throws a throwing net.
The throwing net hits you.
You become entangled in the net!
You see here a throwing net.
You tear a large gash into the net.
The centaur warrior shoots an arrow.
The arrow hits you! Harold fires a harpoon shot at you.
The harpoon shot hits you!
You are yanked forward by the harpoon shot.
Found a pair of boots.
Harold hits you from afar with a +0 trident!!
* * * LOW HITPOINT WARNING * * *
The centaur warrior unwields a +0 shortbow.
The centaur warrior hits you but does no damage.
The centaur warrior kicks you but does no damage.
The orc wizard points at you and mumbles some strange words.
You easily resist.
Harold throws a throwing net.
The throwing net closely misses you. The centaur warrior hits you.
* * * LOW HITPOINT WARNING * * *
You block the centaur warrior's attack.
Okay, then.
You feel yourself speed up. You block the centaur warrior's attack.
The centaur warrior kicks you but does no damage.
The orc wizard casts a spell.
The orc wizard flickers and vanishes!
Deactivating autopickup; reactivate with Ctrl-A.
Unknown command.
The centaur warrior wields a +0 shortbow.
The centaur warrior shoots an arrow.
The arrow hits you!
* * * LOW HITPOINT WARNING * * *
The centaur warrior shoots an arrow.
The arrow closely misses you.
Okay, then.
As you read the scroll of fog, it crumbles to dust.
The scroll dissolves into smoke.
There is a stone staircase leading up here.
The water moccasin hisses angrily.
The centaur warrior shoots an arrow.
The arrow hits you.
You die...

.# ∆ .. ... ... ... ###
... ).... ..# ##### #...
....#.##.# ##...####....
.o.....@§###§....#....$.
........§##§§...........
##.S...§§§§§§.((<...#
#......§c§§§.{...#.#
........§§§o§..@.)..#
.#........$...o..#.##
.........##.........#
..................#...#
.........#.......##...


You could see a centaur warrior, a water moccasin and an orc.

Vanquished Creatures
  A cyclops (D:7)
  Maggie (D:7)
  6 yaks
  A wraith (D:7)
  A basilisk (D:7)
  Duvessa (D:7)
  2 water moccasins
  A black bear (D:5)
  A hornet zombie (D:8)
  2 sky beasts (D:7)
  Purgy (Sewer)
  2 necrophages
  An ice beast (D:5)
  4 orc warriors (D:7)
  3 ogres
  A centaur (D:5)
  A phantom (D:6)
  Blork the orc (D:4)
  2 bullfrogs
  3 wyvern zombies
  2 scorpions
  Dowan (D:7)
  A water moccasin skeleton (D:5)
  A wyvern skeleton (D:7)
  4 killer bees (D:8)
  A bullfrog zombie (D:5)
  2 centaur zombies
  2 centaur skeletons
  A jelly (D:6)
  3 hounds
  5 orc priests
  A bullfrog skeleton (D:5)
  6 iguanas
  6 orc wizards
  2 killer bee zombies
  9 adders
  A shadow imp (D:6)
  A white imp (D:7)
  An ufetubus (D:5)
  3 worms
  2 dart slugs
  17 orcs
  7 endoplasms
  6 giant cockroaches
  9 goblins
  6 hobgoblins
  14 kobolds
  4 quokkas
  15 ball pythons
  4 bats (D:1)
  4 frilled lizards
  4 rats
181 creatures vanquished.

Notes
Turn   | Place    | Note
-------+----------+-------------------------------------------
     0 | D:1      | belegose the Gnoll Wanderer began the quest for the Orb.
     0 | D:1      | belegose set off with the following items: a +2 hand
                  | crossbow, 24 bolts, a potion of curing, a +0 buckler, a +0
                  | robe
     0 | D:1      | Reached XP level 1. HP: 17/17 MP: 4/4
   361 | D:1      | Reached XP level 2. HP: 18/23 MP: 5/5
  1300 | D:2      | Reached XP level 3. HP: 28/28 MP: 7/7
  1443 | D:2      | Reached skill level 1 in Invocations
  1473 | D:2      | Found a faded altar of an unknown god.
  1536 | D:2      | Reached skill level 1 in Short Blades
  1536 | D:2      | Reached skill level 1 in Long Blades
  1536 | D:2      | Reached skill level 1 in Axes
  1536 | D:2      | Reached skill level 1 in Maces & Flails
  1536 | D:2      | Reached skill level 1 in Polearms
  1536 | D:2      | Reached skill level 1 in Staves
  1536 | D:2      | Reached skill level 1 in Slings
  1536 | D:2      | Reached skill level 1 in Bows
  1536 | D:2      | Reached skill level 1 in Throwing
  1536 | D:2      | Reached skill level 1 in Dodging
  1536 | D:2      | Reached skill level 1 in Stealth
  1536 | D:2      | Reached skill level 1 in Unarmed Combat
  1536 | D:2      | Reached skill level 1 in Evocations
  1613 | D:2      | Reached XP level 4. HP: 25/34 MP: 8/8
  1975 | D:2      | Reached skill level 1 in Conjurations
  1975 | D:2      | Reached skill level 1 in Summonings
  1975 | D:2      | Reached skill level 1 in Necromancy
  1975 | D:2      | Reached skill level 1 in Translocations
  1975 | D:2      | Reached skill level 1 in Transmutations
  1975 | D:2      | Reached skill level 1 in Fire Magic
  1975 | D:2      | Reached skill level 1 in Ice Magic
  1975 | D:2      | Reached skill level 1 in Air Magic
  1975 | D:2      | Reached skill level 1 in Earth Magic
  1975 | D:2      | Reached skill level 1 in Poison Magic
  2250 | D:2      | Found an ornate altar of the Wu Jian Council.
  2899 | D:3      | Reached XP level 5. HP: 40/40 MP: 9/9
  3662 | D:3      | Learned a level 1 spell: Pain
  4110 | D:4      | Found a radiant altar of Vehumet.
  4252 | D:4      | Found Uwishoss's Armour Shop.
  4264 | D:4      | Reached XP level 6. HP: 39/47 MP: 10/10
  4866 | D:4      | Reached skill level 5 in Shields
  5148 | D:4      | Found Otzue's General Store.
  5179 | D:4      | Noticed Blork the orc
  5193 | D:4      | Killed Blork the orc
  5194 | D:4      | Reached XP level 7. HP: 40/52 MP: 12/12
  5268 | D:4      | Found Zelaz's General Store.
  5437 | D:4      | Found Tues's General Store.
  5460 | D:5      | Entered Level 5 of the Dungeon
  5489 | D:4      | Gained mutation: Your system is resistant to poisons.
                  | (rPois) [potion of mutation]
  5489 | D:4      | Gained mutation: You sometimes lose the ability to read
                  | scrolls when taking damage. [potion of mutation]
  5489 | D:4      | Lost mutation: You sometimes lose the ability to read
                  | scrolls when taking damage. [potion of mutation]
  5489 | D:4      | Gained mutation: Your mind is acute. (Int +2) [potion of
                  | mutation]
  5864 | D:5      | Found a glowing drain.
  5873 | Sewer    | Entered a sewer
  6098 | Sewer    | Noticed Purgy
  6119 | Sewer    | Killed Purgy
  6410 | D:5      | Reached XP level 8. HP: 42/60 MP: 14/14
  6971 | D:5      | Found a blossoming altar of Fedhas.
  7283 | D:5      | Found an ornate altar of the Wu Jian Council.
  7453 | D:6      | Found Zexehugomod's Antique Weapon Shoppe.
  7498 | D:6      | Found Riorea's Weapon Emporium.
  7501 | D:6      | Found Ixoudul's Book Boutique.
  7702 | D:6      | Found a staircase to the Ecumenical Temple.
  7721 | Temple   | Entered the Ecumenical Temple
  7805 | Temple   | Became a worshipper of Makhleb the Destroyer
  7835 | D:6      | Found Izoemp's Assorted Antiques.
  8075 | D:6      | Found a white marble altar of Elyvilon.
  8113 | D:6      | Found Jintynuss's General Store.
  8565 | D:7      | Noticed Dowan
  8612 | D:7      | Reached XP level 9. HP: 41/66 MP: 16/16
  9093 | D:7      | Noticed a purple ugly thing
  9113 | D:7      | Noticed a cyclops
  9140 | D:7      | Killed a cyclops
  9141 | D:7      | Reached skill level 5 in Fighting
  9141 | D:7      | Reached skill level 5 in Crossbows
  9141 | D:7      | Reached skill level 5 in Armour
  9141 | D:7      | Reached skill level 5 in Spellcasting
  9141 | D:7      | Reached skill level 8 in Hexes
  9425 | D:7      | Noticed Maggie
  9438 | D:7      | Killed Maggie
  9654 | D:7      | Reached skill level 5 in Invocations
  9655 | D:7      | Noticed Duvessa
 10012 | D:7      | Killed Duvessa
 10026 | D:7      | Killed Dowan
 10425 | D:7      | Reached XP level 10. HP: 74/74 MP: 18/18
 10596 | D:7      | Found a sparkling altar of Nemelex Xobeh.
 10707 | D:7      | Reached skill level 5 in Short Blades
 10707 | D:7      | Reached skill level 5 in Long Blades
 10707 | D:7      | Reached skill level 5 in Axes
 10707 | D:7      | Reached skill level 5 in Maces & Flails
 10707 | D:7      | Reached skill level 5 in Polearms
 10707 | D:7      | Reached skill level 5 in Staves
 10707 | D:7      | Reached skill level 5 in Slings
 10707 | D:7      | Reached skill level 5 in Bows
 10707 | D:7      | Reached skill level 5 in Throwing
 10707 | D:7      | Reached skill level 5 in Dodging
 10707 | D:7      | Reached skill level 5 in Stealth
 10707 | D:7      | Reached skill level 5 in Unarmed Combat
 10707 | D:7      | Reached skill level 5 in Evocations
 10944 | D:7      | Found an ancient bone altar of Kikubaaqudgha.
 11014 | D:7      | Found a hide-covered altar of Uskayaw.
 11057 | D:7      | Reached * piety under Makhleb
 11817 | D:8      | Noticed an eight-headed hydra
 13229 | D:9      | Noticed a centaur warrior
 13232 | D:9      | Noticed Harold
 13244 | D:9      | HP: 2/76 [centaur warrior/arrow (13)]
 13251 | D:9      | Shot with an arrow by a centaur warrior

Illustrated notes

Levels and vault maps discovered:
D:1:      dpeg_arrival_rooms_with_view, layout_basic, kennysheep_small_spiral
D:2:      wander_river, layout_basic, ebering_ecumenical_altar_webs,
          basic_altar, minmay_quantized
D:3:      layout_basic
D:4:      layout_cave_pods, vehumet_crystals, serial_shops,
          nicolae_take_the_stairs, kennysheep_mini_moat, shop, shop,
          uniq_blork_the_orc
D:5:      minmay_spotlight, layout_cave_pools,
          nicolae_wu_jian_immortal_techniques, fedhas_altar_1,
          portal_sewer_entry_d, serial_glass, glass_columns_b, glass_columns_c,
          item_on_display_a
D:6:      layout_rooms, lemuel_round_altar, minmay_temple_entry_statues_pillars,
          serial_shops, nicolae_shop_window_shopping, kennysheep_little_box,
          nicolae_shop_statue_plus, nicolae_shop_trees, nicolae_shop_stone
D:7:      layout_loops_ring, marbit_many_paths,
          nicolae_uskayaw_murder_on_the_dancefloor, old_standard_altar,
          kb_rosetta, uniq_maggie, uniq_duvessa
D:8:      layout_basic
D:9:      layout_rooms, grunt_gozag_breadcrumbs, mainiacjoe_overflow_chevrons,
          nicolae_blasting_shop, roderic_roman_lattice,
          grunt_decor_mini_mirrors, uniq_harold
Temple:   nicolae_temple_hex_pool

Skill      XL: |  1  2  3  4  5  6  7  8  9 10 |
---------------+-------------------------------+-----
Invocations    | 1 2 3 4 5 6 |  6.0
Short Blades   | 1 2 3 4 5 |  5.5
Long Blades    | 1 2 3 4 5 |  5.5
Axes           | 1 2 3 4 5 |  5.5
Maces & Flails | 1 2 3 4 5 |  5.5
Polearms       | 1 2 3 4 5 |  5.5
Staves         | 1 2 3 4 5 |  5.5
Slings         | 1 2 3 4 5 |  5.5
Bows           | 1 2 3 4 5 |  5.5
Throwing       | 1 2 3 4 5 |  5.5
Dodging        | 1 2 3 4 5 |  5.5
Stealth        | 1 2 3 4 5 |  5.5
Unarmed Combat | 1 2 3 4 5 |  5.5
Evocations     | 1 2 3 4 5 |  5.5
Spellcasting   | 3 4 5 6 |  6.2
Conjurations   | 1 2 3 4 |  4.5
Summonings     | 1 2 3 4 |  4.5
Necromancy     | 1 2 3 4 |  4.5
Translocations | 1 2 3 4 |  4.5
Transmutations | 1 2 3 4 |  4.5
Fire Magic     | 1 2 3 4 |  4.5
Ice Magic      | 1 2 3 4 |  4.5
Air Magic      | 1 2 3 4 |  4.5
Earth Magic    | 1 2 3 4 |  4.5
Poison Magic   | 1 2 3 4 |  4.5
Fighting       | 3 4 5 6 |  6.1
Crossbows      | 3 4 5 6 |  6.1
Armour         | 3 4 5 6 |  6.1
Shields        | 5 6 7 |  7.2
Hexes          | 8 |  8.5

Action                   |  1- 3 |  4- 6 |  7- 9 | 10-12 || total
-------------------------+-------+-------+-------+-------++-------
Melee: Dagger            |   148 |   203 |     1 |       ||   352
       Staff             |    11 |       |       |       ||    11
       Bite              |    10 |    12 |    31 |    14 ||    67
       Falchion          |       |     9 |     3 |   178 ||   190
       Long sword        |       |       |   283 |     3 ||   286
       Morningstar       |       |       |    13 |       ||    13
 Fire: Hand crossbow     |     1 |     7 |     5 |    11 ||    24
Throw: Stone             |     2 |       |       |       ||     2
       Dart              |     1 |    32 |   123 |    14 ||   170
 Cast: Pain              |       |     8 |     8 |       ||    16
  Use: Potion            |     1 |       |     5 |     1 ||     7
       Scroll            |       |       |     5 |     2 ||     7
 Stab: Sleeping          |       |     2 |     6 |       ||     8
Armor: Robe              |     9 |    16 |    63 |       ||    88
       Leather armour    |    17 |    23 |       |       ||    40
       Acid dragon scale |       |       |    24 |    44 ||    68
Dodge: Dodged            |    49 |    84 |   242 |   101 ||   476
       Repelled          |       |     1 |     4 |       ||     5
Block: Buckler           |    27 |    28 |    86 |    14 ||   155
       Kite shield       |       |       |       |    49 ||    49
       Rpst.: Falchion   |       |     1 |       |    27 ||    28
       Long sword        |       |       |    61 |     1 ||    62
